 Dungeon Crawl Stone Soup version 0.30.1-9-gdf580d7c3d (webtiles) character file.

Game seed: 2014486834159663326

16025 Ijustatesigmund the Geomancer (level 12, -5/72 HPs)
             Began as a Gargoyle Earth Elementalist on Oct 24, 2023.
             Was an Elder of Cheibriados.
             Slain by a large slime creature (29 damage)
             ... on level 12 of the Dungeon.
             The game lasted 00:36:33 (17456 turns).

Ijustatesigmund the Geomancer (GrEE)               Turns: 17456, Time: 00:36:34

Health: -5/72      AC: 24    Str: 26    XL:     12   Next: 33%
Magic:  4/24       EV: 17    Int: 36    God:    Cheibriados [****..]
Gold:   675        SH:  6    Dex: 20    Spells: 23/27 levels left

rFire   . . .        f - +1 flail (flame)
rCold   + . .        O - +1 buckler
rNeg    + . .        a - +1 troll leather armour
rPois   ∞            B - +1 hat
rElec   +            J - +1 cloak
rCorr   +            C - +1 pair of gloves
SInv    .            k - +2 pair of boots of Makhleb, Summoning {*Slow Will+ Regen+ Int+3}
Will    +....        y - amulet of regeneration
Stlth   ++           N - ring of Tumnimag {EV+5 Int+3}
HPRegen 2.72/turn    K - ring of Vanity {Fly rC+ rCorr Str+3}
MPRegen 0.19/turn

%: slow self (1%)
@: flying, very slow
A: sickness immunity, AC +8, negative energy resistance 1, electricity
resistance, torment resistance 1, petrification resistance, talons 1, iridescent
scales 1
a: Renounce Religion, Bend Time, Temporal Distortion, Slouch


You were on level 12 of the Dungeon.
You worshipped Cheibriados.
Cheibriados was greatly pleased with you.
You visited 2 branches of the dungeon, and saw 13 of its levels.
You also visited: Gauntlet.

You collected 1085 gold pieces.
You spent 410 gold pieces at shops.

Inventory:

Hand Weapons
 f - a +1 flail of flaming (weapon)
 t - a +1 whip of electrocution
Missiles
 n - a throwing net
Armour
 a - a +1 troll leather armour (worn)
 k - the +2 pair of boots of Makhleb, Summoning (worn) {*Slow Will+ Regen+ Int+3}
   (You found it in a Gauntlet)

   Int:       It affects your intelligence (+3).
   Regen:     It increases your rate of health regeneration.
   *Slow:     It may slow you when you take damage.
   Will:      It increases your willpower.
 q - a +1 pair of boots
 B - a +1 hat (worn)
 C - a +1 pair of gloves (worn)
 J - a +1 cloak (worn)
 O - a +1 buckler (worn)
Jewellery
 i - a ring of resist corrosion
 l - a ring of ice
 p - a +4 ring of protection
 x - a ring of willpower
 y - an amulet of regeneration (around neck)
 D - a ring of wizardry
 K - the ring of Vanity (right hand) {Fly rC+ rCorr Str+3}
   (You found it in a Gauntlet)

   [ring of flight]

   Str:       It affects your strength (+3).
   rC:        It protects you from cold.
   Fly:       It grants you flight.
   rCorr:     It protects you from acid and corrosion.
 N - the ring of Tumnimag (left hand) {EV+5 Int+3}
   (You found it in a Gauntlet)

   [ring of evasion]

   EV:        It affects your evasion (+5).
   Int:       It affects your intelligence (+3).
 T - a ring of willpower
Wands
 g - a wand of digging (9)
 z - a wand of polymorph (4)
 A - a wand of charming (9)
 M - a wand of roots (4)
 R - a wand of flame (8)
Scrolls
 c - 5 scrolls of teleportation
 d - a scroll of immolation
 h - 2 scrolls of fear
 r - 3 scrolls of magic mapping
 u - a scroll of identify
 v - 2 scrolls of fog
 F - a scroll of amnesia
 S - a scroll of summoning {unknown}
Potions
 b - 4 potions of magic
 e - a potion of heal wounds
 j - 2 potions of brilliance
 m - 8 potions of curing
 o - a potion of flight
 s - 2 potions of mutation
 w - 4 potions of cancellation
 E - a potion of invisibility {unknown}
 H - a potion of ambrosia {unknown}
 I - a potion of resistance {unknown}
 L - a potion of haste {unknown}
 Q - a potion of attraction {unknown}
Miscellaneous
 P - a phantom mirror


   Skills:
 - Level 7.2 Fighting
 - Level 4.3 Maces & Flails
 - Level 2.6 Armour
 - Level 2.5 Dodging
 - Level 2.1 Stealth
 - Level 3.1 Shields
 + Level 8.2 Spellcasting
 * Level 9.4 Conjurations
 - Level 0.7 Transmutations
 + Level 11.0 Earth Magic
 + Level 8.2 Invocations
 - Level 4.4 Evocations


You had 23 spell levels left.
You knew the following spells:

 Your Spells              Type           Power      Damage    Failure   Level
a - Sandblast             Erth           100%       2d20      1%          1
b - Stone Arrow           Conj/Erth      100%       3d13      1%          3

Your spell library contained the following spells:

 Spells                   Type           Power      Damage    Failure   Level
 Passwall                 Tmut/Erth      45%        N/A       1%          2
 Hailstorm                Conj/Ice       48%        3d11      1%          3
 Slow                     Hex            56%        N/A       3%          1
 Petrify                  Tmut/Erth      55%        N/A       3%          4
 Confusing Touch          Hex            14%        N/A       12%         3
 Vampiric Draining        Necr           14%        2d7       12%         3
 Ice Form                 Ice/Tmut       17%        N/A       32%         4
 Simulacrum               Ice/Necr       7%         N/A       99%         6
 Ozocubu's Refrigeration  Ice            7%         4d9       100%        7
 Polar Vortex             Ice            7%         N/A       100%        9


Dungeon Overview and Level Annotations

Branches:
Dungeon (12/15)            Temple (1/1) D:5            Lair (0/5) D:11
Gauntlet (visited)
    Orc: D:9-12

Altars:
Ashenzari
Cheibriados
Dithmenos
Elyvilon
Fedhas
Gozag
Hepliaklqana
Kikubaaqudgha
Makhleb
Nemelex Xobeh
Okawaru
Qazlal
Ru
Sif Muna
Trog
Uskayaw
Vehumet
Wu Jian
Xom
Yredelemnul
Zin
The Shining One

Shops:
D:1 [=??!   D:4 !   D:9 =   D:11 *


Innate Abilities, Weirdness & Mutations

You are immune to sickness and miasma.
Your stone body is resilient. (AC +8)
You are immune to poison.
You resist negative energy. (rN+)
You are resistant to electric shocks. (rElec)
You are resistant to unholy torment.
You are immune to petrification.
You have sharp toenails.
You are partially covered in iridescent scales. (AC +2)


Message History

The large slime creature is moderately wounded.
Unknown command.
Casting: Stone Arrow (safe; 1% risk of failure)
Confirm with . or Enter, or press ? or * to list all spells.
Aiming: Stone Arrow (safe; 1% risk of failure)
Press: ? - help, Shift-Dir - straight line, f/p - large slime creature
Aim: a large slime creature (moderately wounded, 95% to hit)
The stone arrow hits the large slime creature!
The large slime creature is moderately wounded.
Unknown command.
Casting: Stone Arrow (safe; 1% risk of failure)
Confirm with . or Enter, or press ? or * to list all spells.
Aiming: Stone Arrow (safe; 1% risk of failure)
Press: ? - help, Shift-Dir - straight line, f/p - large slime creature
Aim: a large slime creature (moderately wounded, 95% to hit)
The stone arrow hits the large slime creature!!
The large slime creature is heavily wounded.
You block the large slime creature's attack.
Unknown command.
Aiming: Corrosive Bolt
Press: ? - help, Shift-Dir - straight line, f/p - large slime creature
Aim: a large slime creature (heavily wounded, 94% to hit)
The bolt of acid hits the large slime creature!
The large slime creature is severely wounded.
The large slime creature hits you!
Aiming: Corrosive Bolt
Press: ? - help, Shift-Dir - straight line, f/p - large slime creature
Aim: a large slime creature (severely wounded, 94% to hit)
The bolt of acid hits the large slime creature!
The acid corrodes the large slime creature!
The large slime creature is almost dead.
The now-empty wand crumbles to dust.
The large slime creature hits you!!
You barely miss the large slime creature.
The large slime creature is almost dead.
The large slime creature hits you!!
* * * LOW HITPOINT WARNING * * *
You hit the large slime creature but do no damage.
The large slime creature is almost dead.
The large slime creature misses you. The large slime creature hits you!!
You die...

.# ..
########.#J##.#
.......>.......
###.#####..
#..........
#.#.#####..
#.#.# . #J# ##
## #@# ..## #.#
#..# #.#
##.##### #.#
.......# #.#
###.##.# ##.#
#.##.########..#
#.##.##.......##
#[.#.##.#######


You could see a large slime creature (corroded).

Vanquished Creatures
  A minotaur (Gauntlet)
  A two-headed ogre (D:7)
  A boulder beetle (D:12)
  Urug (D:10)
  Lodul (D:11)
  A death drake (Gauntlet)
  A manticore (D:11)
  A cyclops (D:11)
  2 spectral centaurs (Gauntlet)
  A gargoyle (D:10)
  Joseph (D:10)
  2 rime drakes (D:11)
  An unseen horror (D:12)
  2 kobold demonologists
  A komodo dragon (D:11)
  A spectral harpy (Gauntlet)
  3 trolls
  2 hornets (D:9)
  A shadow (D:10)
  3 wyverns
  A slime creature (D:12)
  7 yaks
  3 wraiths
  6 vampire mosquitoes
  Menkaure (D:4)
  3 water moccasins
  A small abomination (Gauntlet)
  2 orc warriors
  2 sky beasts
  2 black bears
  6 ogres (D:11)
  4 centaurs
  Blork the orc (D:4)
  3 kobold brigands
  2 phantoms (D:5)
  4 bullfrogs
  2 scorpions
  3 gnoll sergeants
  5 wights (D:6)
  2 howler monkeys (D:9)
  A hound (D:6)
  An orc priest (D:9)
  3 gnoll boudas
  A jelly (D:6)
  7 iguanas
  Ijyb (D:4)
  5 orc wizards
  26 gnolls
  4 adders
  2 worms (D:3)
  5 dart slugs
  22 orcs
  4 ball pythons
  12 endoplasms
  5 giant cockroaches
  7 hobgoblins
  4 jackals (D:5)
  4 quokkas (D:2)
  7 bats
  7 frilled lizards
  7 goblins
  24 kobolds
  4 rats
251 creatures vanquished.

Vanquished Creatures (collateral kills)
  Eustachio (D:6)
  3 vampire mosquitoes (D:11)
4 creatures vanquished.

Vanquished Creatures (others)
  2 yaks (D:9)
  A vampire mosquito (D:11)
  A gnoll (D:9)
4 creatures vanquished.

Grand Total: 259 creatures vanquished

Notes
Turn   | Place    | Note
-------+----------+-------------------------------------------
     0 | D:1      | Ijustatesigmund the Gargoyle Earth Elementalist began the
                  | quest for the Orb.
     0 | D:1      | Reached XP level 1. HP: 10/10 MP: 3/3
   143 | D:1      | Found Vunterch's Magic Scroll Boutique.
   148 | D:1      | Found Moxzipno's Jewellery Boutique.
   173 | D:1      | Reached XP level 2. HP: 16/16 MP: 0/5
   489 | D:1      | Found Fudoeto's Antique Armour Emporium.
   532 | D:1      | Reached skill level 1 in Fighting
   630 | D:1      | Reached skill level 4 in Earth Magic
   833 | D:1      | Found Sogenal's Distillery.
  1091 | D:1      | Reached XP level 3. HP: 20/20 MP: 4/6
  1095 | D:1      | Learned a level 3 spell: Stone Arrow
  1172 | D:1      | Found Uluadomu's Magic Scroll Shoppe.
  1186 | D:1      | Bought a scroll of identify for 20 gold pieces
  1971 | D:2      | Reached skill level 1 in Conjurations
  2116 | D:2      | Reached XP level 4. HP: 16/25 MP: 5/8
  3159 | D:3      | Reached XP level 5. HP: 29/29 MP: 7/9
  3690 | D:4      | Reached skill level 1 in Armour
  3690 | D:4      | Reached skill level 5 in Earth Magic
  3824 | D:4      | Noticed Blork the orc
  3829 | D:4      | Killed Blork the orc
  3830 | D:4      | Reached XP level 6. HP: 31/34 MP: 3/11
  4198 | D:4      | Found Fiun's Distillery.
  4439 | D:4      | Noticed Menkaure
  4443 | D:4      | Killed Menkaure
  4563 | D:4      | Noticed Ijyb
  4567 | D:4      | Killed Ijyb
  4568 | D:4      | Reached XP level 7. HP: 38/38 MP: 2/12
  4650 | D:4      | Found a sacrificial altar of Ru.
  5034 | D:5      | Entered Level 5 of the Dungeon
  5122 | D:5      | Identified the +5 sling "Jerphuri" {flame, Str-3 Int+4}
  5357 | D:5      | Found a staircase to the Ecumenical Temple.
  5378 | D:5      | Reached skill level 1 in Maces & Flails
  5378 | D:5      | Reached skill level 6 in Earth Magic
  5695 | Temple   | Entered the Ecumenical Temple
  6014 | Temple   | Became a worshipper of Cheibriados the Contemplative
  6522 | D:5      | Reached skill level 1 in Invocations
  6522 | D:5      | Reached XP level 8. HP: 45/45 MP: 4/14
  6707 | D:6      | Noticed Eustachio
  6761 | D:6      | Killed Eustachio
  6891 | D:6      | Reached * piety under Cheibriados
  7430 | D:6      | Reached skill level 5 in Spellcasting
  7430 | D:6      | Reached skill level 7 in Earth Magic
  7616 | D:6      | Reached skill level 5 in Conjurations
  7883 | D:7      | Reached XP level 9. HP: 52/52 MP: 3/16
  8244 | D:7      | Noticed a troll
  8252 | D:7      | Killed a troll
  8694 | D:7      | Noticed a two-headed ogre
  8701 | D:7      | Killed a two-headed ogre
  9240 | D:7      | Reached ** piety under Cheibriados
  9375 | D:7      | Reached skill level 5 in Fighting
  9966 | D:1      | Bought a pair of runed boots for 210 gold pieces
 10029 | D:1      | Bought 3 potions of heal wounds for 180 gold pieces
 10258 | D:8      | Reached skill level 8 in Earth Magic
 10952 | D:8      | Reached XP level 10. HP: 59/59 MP: 11/19
 11477 | D:8      | Reached skill level 5 in Invocations
 11766 | D:8      | Reached *** piety under Cheibriados
 12485 | D:9      | Reached skill level 9 in Earth Magic
 13057 | D:9      | Noticed a kobold demonologist
 13065 | D:9      | Killed a kobold demonologist
 13279 | D:9      | Found Qitreduq's Jewellery Shoppe.
 13417 | D:9      | Reached skill level 1 in Evocations
 13477 | D:9      | Reached **** piety under Cheibriados
 13543 | D:9      | Found a stormy altar of Qazlal.
 13632 | D:10     | Entered Level 10 of the Dungeon
 13643 | D:10     | Noticed a gargoyle
 13648 | D:10     | Killed a gargoyle
 13837 | D:10     | Noticed a kobold demonologist
 13845 | D:10     | Killed a kobold demonologist
 13852 | D:10     | Noticed Joseph
 13871 | D:10     | Reached XP level 11. HP: 65/65 MP: 0/21
 13996 | D:10     | Killed Joseph
 14164 | D:10     | Noticed Urug
 14177 | D:10     | Killed Urug
 14711 | D:11     | Noticed a cyclops
 14716 | D:11     | Killed a cyclops
 14717 | D:11     | Found Vuamisax's General Store.
 14733 | D:11     | Found a gate leading to a gauntlet.
 14737 | Gauntlet | Entered a Gauntlet
 14737 | Gauntlet | Found a transporter.
 14741 | Gauntlet | Noticed a death drake
 14951 | Gauntlet | Noticed a hell hog
 14952 | Gauntlet | Found a transporter.
 14955 | Gauntlet | Found a transporter.
 14956 | Gauntlet | Found a transporter.
 14959 | Gauntlet | Found a transporter.
 14960 | Gauntlet | Found a transporter.
 14967 | Gauntlet | Noticed a large abomination
 14982 | Gauntlet | Found a transporter.
 14982 | Gauntlet | Noticed a brown ugly thing
 14982 | Gauntlet | Found the +3 Mad Mage's Maulers {Infuse+∞ VampMP -Cast}
 14984 | Gauntlet | Noticed a white ugly thing
 14999 | Gauntlet | Found a transporter.
 15018 | Gauntlet | Found a transporter.
 15022 | Gauntlet | Found a transporter.
 15024 | Gauntlet | Found a runed translucent door.
 15025 | Gauntlet | Noticed a hell beast
 15027 | Gauntlet | Found a runed translucent door.
 15031 | Gauntlet | Found a transporter.
 15063 | Gauntlet | Reached skill level 10 in Earth Magic
 15065 | Gauntlet | Killed a death drake
 15087 | Gauntlet | Noticed a great orb of eyes
 15094 | Gauntlet | Identified the +2 pair of boots of Makhleb, Summoning
                  | {*Slow Will+ Regen+ Int+3}
 15187 | Gauntlet | Gained mutation: You have a pair of small antennae on your
                  | head. [potion of mutation]
 15187 | Gauntlet | Gained mutation: You expend magic power (3 MP) to
                  | strengthen your wands. [potion of mutation]
 15188 | Gauntlet | Lost mutation: You have a pair of small antennae on your
                  | head. [potion of mutation]
 15188 | Gauntlet | Lost mutation: You expend magic power (3 MP) to strengthen
                  | your wands. [potion of mutation]
 15188 | Gauntlet | Gained mutation: You occasionally lose the ability to read
                  | scrolls when taking damage. [potion of mutation]
 15188 | Gauntlet | Gained mutation: Your movements are slightly less
                  | encumbered by armour. (ER -2) [potion of mutation]
 15189 | Gauntlet | Lost mutation: Your movements are slightly less encumbered
                  | by armour. (ER -2) [potion of mutation]
 15189 | Gauntlet | Lost mutation: You occasionally lose the ability to read
                  | scrolls when taking damage. [potion of mutation]
 15189 | Gauntlet | Gained mutation: You have sharp toenails. [potion of
                  | mutation]
 15189 | Gauntlet | Gained mutation: You are partially covered in iridescent
                  | scales. (AC +2) [potion of mutation]
 15463 | Gauntlet | Noticed a minotaur
 15473 | Gauntlet | Killed a minotaur
 15567 | Gauntlet | Identified the ring of Vanity {Fly rC+ rCorr Str+3}
 15567 | Gauntlet | Identified the ring of Tumnimag {EV+5 Int+3}
 15625 | D:11     | Reached skill level 1 in Shields
 15880 | D:11     | Found a white marble altar of Elyvilon.
 16065 | D:11     | Noticed a manticore
 16071 | D:11     | Killed a manticore
 16112 | D:11     | Noticed Lodul
 16127 | D:11     | Killed Lodul
 16128 | D:11     | Reached XP level 12. HP: 72/72 MP: 2/23
 16695 | D:11     | Reached ***** piety under Cheibriados
 16715 | D:11     | Found a staircase to the Lair.
 16874 | D:12     | Noticed a boulder beetle
 16881 | D:12     | Killed a boulder beetle
 17227 | D:12     | Identified the +0 pair of boots of Gintotah {Str+4}
 17445 | D:12     | Reached skill level 11 in Earth Magic
 17456 | D:12     | Slain by a large slime creature

Illustrated notes

Levels and vault maps discovered:
D:1:      lightli_arrival_farm, layout_basic, serial_shops, shop, shop, shop,
          nicolae_shop_industrial_runoff, shop_fountains, minmay_pentomino_x4
D:2:      wad_woods_settlement, layout_basic, minmay_tall_x
D:3:      layout_rooms, minmay_cupped
D:4:      layout_loops_ring, mainiacjoe_overflow_alcove_1,
          kennysheep_decorative_pillar, minmay_shop_grid_forest, chequers_jeans,
          uniq_menkaure, uniq_ijyb, uniq_blork_the_orc
D:5:      layout_basic, minmay_temple_entry_statues_pillars
D:6:      layout_rooms, uniq_eustachio
D:7:      layout_basic
D:8:      layout_cave_pods, lightli_orcish_oven
D:9:      layout_irregular_city, marbit_many_paths, serial_shops,
          nicolae_shop_hallway_plus
D:10:     layout_small_grid, uniq_joseph, uniq_urug
D:11:     layout_loops_cross, lair_entry_dummy, gauntlet_entry_generic,
          portal_ice_cave_rime, serial_shops, nicolae_take_the_stairs,
          minmay_misc_feat_tiny, elyvilon_altar_1, uniq_lodul
D:12:     layout_basic, minmay_orc_entry_guard_dogs
Temple:   mainiacjoe_temple_cubbyholes

Skill      XL: |  1  2  3  4  5  6  7  8  9 10 11 12 |
---------------+-------------------------------------+-----
Fighting       | 1 2 3 5 6 7 |  7.2
Earth Magic    | 4 5 6 7 8 9 10 11 | 11.0
Conjurations   | 1 2 3 4 5 6 7 8 9 |  9.4
Spellcasting   | 3 4 5 6 7 8 |  8.2
Armour         | 1 2 |  2.6
Maces & Flails | 1 3 4 |  4.3
Invocations    | 1 3 4 6 7 8 |  8.2
Dodging        | 2 |  2.5
Evocations     | 2 4 |  4.4
Shields        | 2 3 |  3.1
Stealth        | |  2.1
Transmutations | |  0.7

Action                     |  1- 3 |  4- 6 |  7- 9 | 10-12 || total
---------------------------+-------+-------+-------+-------++-------
  Melee: Mace              |     4 |       |       |       ||     4
         Flail             |       |     1 |       |   163 ||   164
         Whip              |       |       |    55 |       ||    55
         Punch             |       |       |       |     2 ||     2
   Cast: Sandblast         |    61 |    71 |     6 |     8 ||   146
         Stone Arrow       |       |    10 |   105 |   140 ||   255
 Invoke: Slouch            |       |       |       |     2 ||     2
  Evoke: Wand              |       |       |     7 |    24 ||    31
    Use: Scroll            |     1 |     3 |    14 |    10 ||    28
         Potion            |       |       |     2 |     8 ||    10
   Stab: Sleeping          |       |     1 |       |       ||     1
         Distracted        |       |       |       |     1 ||     1
 Armour: Robe              |     8 |     1 |       |       ||     9
         Troll leather arm |       |     4 |    48 |   176 ||   228
         Skin              |       |       |    46 |       ||    46
  Dodge: Dodged            |     8 |    13 |    63 |   241 ||   325
  Block: Buckler           |       |       |       |    24 ||    24
